 Dungeon Crawl Stone Soup version 0.30-a0-377-g5cb311bc9f (webtiles) character file.

Game seed: 14268615884663861984

37901 stonewall the Carver (level 13, -6/87 HPs)
             Began as a Tengu Gladiator on Nov 30, 2022.
             Was the Champion of Okawaru.
             Mangled by a tentacled starspawn (28 damage)
             ... on level 2 of the Abyss.
             The game lasted 00:34:21 (18573 turns).

stonewall the Carver (Tengu Gladiator)             Turns: 18573, Time: 00:34:22

Health: -6/87      AC: 17    Str: 15    XL:     13   Next: 99%
Magic:  21/21      EV: 15    Int: 13    God:    Okawaru [******]
Gold:   440        SH:  5    Dex: 19    Spells: 16/21 levels left

rFire   + . .      SeeInvis .    a - +0 scimitar (vorpal)
rCold   + . .      Faith    .    (no shield)
rNeg    . . .      Spirit   .    E - +1 chain mail {rF+}
rPois   .          Reflect  +    w - +2 hat
rElec   .          Harm     .    o - +1 cloak
rCorr   .          Rampage  .    R - +1 pair of gloves
Will    .....                    (boots unavailable)
Stlth   ..........               s - amulet of Makhleb's Castigation {Reflect Int+3 SH+5}
HPRegen 0.00/turn                X - ring of protection from cold
MPRegen 0.17/turn                M - +4 ring of slaying

@: about to teleport, sick, flying quickly and evasively, hasted, studying
Staves, very quick
A: beak, talons 3, nimble flight
a: Renounce Religion, Heroism, Finesse, Duel


You were on level 2 of the Abyss.
You worshipped Okawaru.
Okawaru was exalted by your worship.
You visited 2 branches of the dungeon, and saw 16 of its levels.
You visited the Abyss 1 time.
You also visited: Ice Cave.

You collected 1051 gold pieces.
You spent 611 gold pieces at shops.

Inventory:

Hand Weapons
 a - a +0 vorpal scimitar (weapon)
 W - a +0 rapier of speed
Missiles
 e - 14 javelins
 j - 22 poisoned darts (quivered)
 J - 6 silver javelins
 K - 6 datura-tipped darts
 L - 2 boomerangs of dispersal
 O - 2 curare-tipped darts
Armour
 o - a +1 cloak (worn)
 u - a scarf of harm
 w - a +2 hat (worn)
 A - the +1 scale mail of the Comet {rC+ Regen+}
   (Okawaru gifted it to you in an ice cave)

   rC:        It protects you from cold.
   Regen:     It increases your rate of health regeneration.
 E - a +1 chain mail of fire resistance (worn)
 F - a +2 hat
 I - +0 steam dragon scales
 R - a +1 pair of gloves (worn)
 Z - a +0 chain mail of cold resistance
Magical Staves
 h - a staff of cold
Jewellery
 c - a ring of protection from cold
 r - a +4 ring of evasion
 s - the amulet of Makhleb's Castigation (around neck) {Reflect Int+3 SH+5}
   (You bought it in a shop on level 4 of the Dungeon)

   [amulet of reflection]

   It reflects blocked missile attacks.
   Int:       It affects your intelligence (+3).
   SH:        It affects your SH (+5).
 C - the amulet "Fanuun" {RegenMP Regen+}
   (You found it on level 6 of the Dungeon)

   [amulet of magic regeneration]

   It increases your rate of magic regeneration.
   Regen:     It increases your rate of health regeneration.
 M - a +4 ring of slaying (right hand)
 X - a ring of protection from cold (left hand)
 Y - a ring of ice
Wands
 q - a wand of digging (12)
 v - a wand of paralysis (4)
 D - a wand of light (2)
 G - a wand of mindburst (19)
Scrolls
 d - a scroll of fog
 k - 2 scrolls of poison
 l - 3 scrolls of torment
 m - 4 scrolls of teleportation
 t - 3 scrolls of identify
 x - a scroll of amnesia
 y - a scroll of magic mapping
 N - 5 scrolls of enchant armour
 V - 2 scrolls of enchant weapon
Potions
 b - 2 potions of flight {unknown}
 f - 3 potions of magic
 g - a potion of resistance
 i - 4 potions of brilliance
 n - 2 potions of ambrosia
 p - 3 potions of mutation
 z - 3 potions of curing
 B - 4 potions of attraction
 P - 2 potions of haste
 T - 3 potions of cancellation


   Skills:
 - Level 12.6 Fighting
 - Level 14.0 Long Blades
 - Level 3.2 Throwing
 - Level 4.5 Armour
 - Level 13.9 Dodging
 - Level 5.0 Stealth
 * Level 4.8 Spellcasting
 * Level 7.1 Air Magic


You had 16 spell levels left.
You knew the following spells:

 Your Spells              Type           Power      Damage    Failure   Level
a - Silence               Hex/Air        6%         N/A       100%        5

Your spell library contained the following spells:

 Spells                   Type           Power      Damage    Failure   Level
 Poisonous Vapours        Pois/Air       24%        N/A       77%         2
 Cigotuvi's Dreadful Rot  Necr/Pois/Air  18%        N/A       89%         2
 Foxfire                  Conj/Fire      12%        2x1d4     98%         1
 Mephitic Cloud           Conj/Pois/Air  9%         N/A       98%         3
 Dazzling Flash           Conj/Hex       6%         N/A       100%        3
 Frozen Ramparts          Ice            6%         1d1       100%        3
 Ice Form                 Ice/Tmut       3%         N/A       100%        4
 Iskenderun's Mystic Bla  Conj/Tloc      3%         2d3       100%        4
 Passage of Golubria      Tloc           3%         N/A       100%        4
 Agony                    Necr           3%         N/A       100%        5
 Blade Hands              Tmut           1%         N/A       100%        5
 Irradiate                Conj/Tmut      1%         3d12      100%        5
 Yara's Violent Unravell  Hex/Tmut       1%         3d3       100%        5
 Starburst                Conj/Fire      1%         6d3       100%        6
 Dragon Form              Tmut           1%         N/A       100%        7
 Tukima's Dance           Hex            Unusable   N/A       N/A         3
 Summon Ice Beast         Ice/Summ       Unusable   N/A       N/A         4

Dungeon Overview and Level Annotations

Branches:
Dungeon (11/15)            Temple (0/1) D:4            Lair (5/5) D:10
  Swamp (0/4) Lair:2       Spider (0/4) Lair:3        Slime (0/5) Lair:4
  IceCv (visited)
    Orc: D:9-12

Altars:
Ashenzari
Cheibriados
Dithmenos
Gozag
Hepliaklqana
Kikubaaqudgha
Makhleb
Nemelex Xobeh
Okawaru
Qazlal
Sif Muna
Uskayaw
Wu Jian
Zin
The Shining One
Jiyva

Shops:
D:4 =*   D:5 ?

Annotations:
D:2 1 runed translucent door, Crazy Yiuf
D:6 Dowan
D:11 Erolcha
Lair:1 exclusion: downstairs
Lair:4 HYDRA, exclusion: oklob plant


Innate Abilities, Weirdness & Mutations

You have a beak for a mouth.
You have claws for feet.
Your magical nature lets you fly swiftly and evasively.


Message History

Something hits you but does no damage. Something hits you!
* * * LOW HITPOINT WARNING * * *
Something hits you but does no damage. Something hits you.
* * * LOW HITPOINT WARNING * * *
Something hits you but does no damage.
You feel better.
You are suddenly pulled into a different region of the Abyss!
Unknown command.
Unknown command.
A tentacled starspawn comes into view.
A tentacled starspawn is nearby!
Unknown command.
A golden dragon skeleton comes into view.
An ancient zyme comes into view.
You feel yourself growing ill in the presence of the ancient zyme.
You feel ill.
You feel ill.
A small abomination comes into view.
The small abomination hits you!
* * * LOW HITPOINT WARNING * * *
The small abomination hits you!
* * * LOW HITPOINT WARNING * * *
You feel yourself speed up.
The small abomination hits you but does no damage.
Unknown command.
Found a gateway leading deeper into the Abyss.
There is a gateway leading deeper into the Abyss here.
A jelly comes into view.
The jelly quivers.
Okay, then.
You feel better.
A Hell Sentinel comes into view.
A tentacled starspawn comes into view.
As you read the scroll of teleportation, it crumbles to dust.
You feel strangely unstable.
You feel the power of the Abyss delaying your translocation!
As you read the scroll of fog, it crumbles to dust.
The scroll dissolves into smoke.
The tentacled starspawn bites you!!
You die...

# #. # ...##
#.. x.# ##.#
##J#
#########§###
.......§§@X§#
#.#....####§#
#.1.. .#
....... #
.......
.......
.#.....
......


You could see a tentacled starspawn and a jelly.

Vanquished Creatures
  A reaper (IceCv)
  2 hydras
  2 catoblepae (Lair:5)
  Erica (D:11)
  A boulder beetle (Lair:5)
  4 death yaks (Lair:5)
  A deep troll shaman (Lair:5)
  2 two-headed ogres
  A lindwurm (Lair:5)
  A will-o-the-wisp (Lair:2)
  13 elephants (Lair:5)
  An ice statue (IceCv)
  4 black mambas
  4 torpor snails
  8 cane toads
  7 komodo dragons
  2 kobold demonologists (D:8)
  An anaconda simulacrum (IceCv)
  A hornet (D:8)
  A troll (D:9)
  Prince Ribbit (Lair:1)
  4 polar bears
  19 blink frogs
  2 dream sheep (Lair:5)
  2 culicivoras (Lair:3)
  4 jumping spiders (Lair:3)
  A shadow (D:10)
  3 dire elephant simulacra (IceCv)
  A basilisk (Lair:5)
  21 yaks
  5 wyverns
  A steam dragon (D:7)
  A redback (Lair:3)
  2 death yak simulacra (IceCv)
  7 water moccasins
  Edmund (D:6)
  A hydra simulacrum (IceCv)
  3 sky beasts (D:7)
  2 orc warriors (D:7)
  2 black bears
  An ogre (D:5)
  5 wolves (Lair:5)
  A centaur (D:9)
  A phantom (D:6)
  3 kobold brigands
  7 bullfrogs
  7 cane toad simulacra (IceCv)
  2 two-headed ogre simulacra (IceCv)
  2 small abominations (Abyss:2)
  4 necrophages
  2 water moccasin zombies (D:7)
  9 wights (D:7)
  2 elephant simulacra (IceCv)
  4 howler monkeys
  A bullfrog zombie (D:7)
  2 jellies
  2 centaur zombies (D:7)
  2 hounds (D:5)
  A gnoll bouda (D:7)
  4 orc priests (D:8)
  2 iguanas
  7 orc wizards
  A polar bear simulacrum (IceCv)
  5 troll simulacra (IceCv)
  3 spriggan simulacra (IceCv)
  Terence (D:2)
  A killer bee zombie (D:7)
  A wolf simulacrum (IceCv)
  A howler monkey zombie (D:7)
  8 gnolls
  2 adders
  3 naga simulacra (IceCv)
  A shadow imp (D:7)
  6 white imps
  11 ufetubi (IceCv)
  4 worms
  3 dart slugs
  17 orcs
  7 bats
  5 endoplasms
  6 giant cockroaches
  11 goblins
  6 hobgoblins
  3 jackals (D:4)
  20 kobolds
  6 ball pythons
  A frilled lizard (D:1)
  4 rats
349 creatures vanquished.

Vanquished Creatures (others)
  3 bushes (Lair:5)
  2 foxfires (Lair:2)
  30 fungi
  A lurking horror (Abyss:2)
  27 plants
  A withered plant (D:7)
64 creatures vanquished.

Grand Total: 413 creatures vanquished

Notes
Turn   | Place    | Note
-------+----------+-------------------------------------------
     0 | D:1      | stonewall the Tengu Gladiator began the quest for the Orb.
     0 | D:1      | Reached XP level 1. HP: 12/12 MP: 2/2
   330 | D:1      | Reached XP level 2. HP: 17/17 MP: 3/3
   732 | D:2      | Found a faded altar of an unknown god.
   823 | D:2      | Reached skill level 4 in Long Blades
   823 | D:2      | Reached XP level 3. HP: 18/22 MP: 4/4
   995 | D:2      | Noticed Terence
  1005 | D:2      | Killed Terence
  1006 | D:2      | Reached XP level 4. HP: 15/27 MP: 5/5
  1398 | D:2      | Found a shadowy altar of Dithmenos.
  1418 | D:2      | Found a runed translucent door.
  1419 | D:2      | Noticed Crazy Yiuf
  2153 | D:3      | Gained mutation: Your magical nature lets you fly swiftly
                  | and evasively. [Tengu growth]
  2153 | D:3      | Reached XP level 5. HP: 32/32 MP: 6/6
  2428 | D:3      | Found a burning altar of Makhleb.
  2541 | D:3      | Found an iron altar of Okawaru.
  2775 | D:3      | Became a worshipper of Warmaster Okawaru
  2827 | D:4      | Reached skill level 5 in Long Blades
  2910 | D:4      | Found a glowing silver altar of Zin.
  2984 | D:4      | Found Xotu's Assorted Antiques.
  2989 | D:4      | Bought a scroll of blinking for 135 gold pieces
  3034 | D:4      | Found a staircase to the Ecumenical Temple.
  3107 | D:4      | Found Circh's Jewellery Boutique.
  3542 | D:5      | Entered Level 5 of the Dungeon
  3690 | D:5      | Noticed an ogre
  3695 | D:5      | Killed an ogre
  3696 | D:5      | Reached XP level 6. HP: 37/37 MP: 7/7
  3729 | D:5      | Reached skill level 6 in Long Blades
  3778 | D:5      | Found Ynloanaz's Magic Scroll Shoppe.
  3968 | D:5      | Found an ornate altar of the Wu Jian Council.
  3974 | D:5      | Reached * piety under Okawaru
  4290 | D:6      | Reached XP level 7. HP: 42/42 MP: 8/8
  4290 | D:6      | Found a snail-covered altar of Cheibriados.
  4357 | D:5      | Reached skill level 7 in Long Blades
  4635 | D:6      | Identified the amulet "Fanuun" {RegenMP Regen+}
  4699 | D:6      | Noticed Dowan
  4897 | D:6      | Noticed Edmund
  4911 | D:6      | Reached skill level 8 in Long Blades
  4918 | D:6      | Killed Edmund
  5058 | D:6      | Reached XP level 8. HP: 38/48 MP: 9/9
  5288 | D:7      | Reached skill level 9 in Long Blades
  5389 | D:7      | Reached ** piety under Okawaru
  5454 | D:7      | Reached skill level 10 in Long Blades
  5543 | D:7      | Reached skill level 5 in Dodging
  5743 | D:7      | Found an opulent altar of Gozag.
  5744 | D:7      | Found a sparkling altar of Nemelex Xobeh.
  5904 | D:7      | Reached XP level 9. HP: 37/52 MP: 10/10
  6056 | D:7      | Reached skill level 5 in Fighting
  6231 | D:7      | Reached *** piety under Okawaru
  6620 | D:8      | Reached skill level 11 in Long Blades
  6728 | D:8      | Found a hide-covered altar of Uskayaw.
  6841 | D:8      | Found a shimmering blue altar of Sif Muna.
  6916 | D:8      | Received a gift from Okawaru
  7161 | D:8      | Noticed a hornet
  7167 | D:8      | Killed a hornet
  7464 | D:9      | Noticed a troll
  7476 | D:9      | Killed a troll
  7509 | D:9      | Found a glowing golden altar of the Shining One.
  7625 | D:9      | Reached **** piety under Okawaru
  7626 | D:9      | Reached XP level 10. HP: 63/63 MP: 11/11
  7877 | D:9      | Noticed a kobold demonologist
  7878 | D:9      | Noticed a kobold demonologist
  7880 | D:9      | Noticed a sun demon
  7998 | D:8      | Killed a kobold demonologist
  8064 | D:8      | Killed a kobold demonologist
  8118 | D:9      | Found a stormy altar of Qazlal.
  8161 | D:9      | Found a hazy altar of Hepliaklqana.
  8528 | D:10     | Entered Level 10 of the Dungeon
  8536 | D:10     | Found a staircase to the Lair.
  8547 | D:10     | Found an ancient bone altar of Kikubaaqudgha.
  8549 | D:10     | Found a shadowy altar of Dithmenos.
  8714 | D:10     | Noticed a two-headed ogre
  8726 | D:10     | Killed a two-headed ogre
  8726 | D:10     | Received a gift from Okawaru
  8726 | D:10     | Reached ***** piety under Okawaru
  8966 | D:10     | Noticed a two-headed ogre
  9037 | D:9      | Killed a two-headed ogre
  9146 | D:10     | Found a broken altar of Ashenzari.
  9294 | D:10     | Received a gift from Okawaru
  9295 | D:10     | Reached skill level 12 in Long Blades
  9305 | D:10     | Reached skill level 10 in Dodging
  9441 | D:11     | Noticed a skeletal warrior
  9481 | Lair:1   | Entered Level 1 of the Lair of Beasts
  9503 | Lair:1   | Reached XP level 11. HP: 57/71 MP: 12/12
  9511 | Lair:1   | Received a gift from Okawaru
  9534 | Lair:1   | Found a snail-covered altar of Cheibriados.
  9588 | Lair:1   | Found a frozen archway.
  9601 | IceCv    | Entered an ice cave
  9837 | IceCv    | Identified the +1 scale mail of the Comet {rC+ Regen+}
                  | (Okawaru gifted it to you in an ice cave)
  9837 | IceCv    | Received a gift from Okawaru
 10166 | IceCv    | Reached skill level 1 in Armour
 10198 | IceCv    | Noticed a reaper
 10247 | IceCv    | HP: 3/72 [reaper/+2 scythe of freezing (5)]
 10305 | IceCv    | Killed a reaper
 10306 | IceCv    | Reached skill level 10 in Fighting
 10472 | IceCv    | HP: 3/72 [dire elephant simulacrum (26)]
 11067 | Lair:1   | Noticed Prince Ribbit
 11078 | Lair:1   | Killed Prince Ribbit
 11142 | Lair:1   | HP: 3/73 [cane toad (6)]
 11240 | Lair:2   | Reached XP level 12. HP: 68/79 MP: 13/13
 11310 | Lair:2   | Reached skill level 13 in Long Blades
 11618 | Lair:2   | Noticed a seven-headed hydra
 11770 | Lair:1   | Received a gift from Okawaru
 11775 | Lair:1   | Reached skill level 14 in Long Blades
 11914 | D:4      | Bought the amulet of Makhleb's Castigation {Reflect Int+3
                  | SH+5} for 476 gold pieces
 12161 | Lair:1   | Reached skill level 1 in Stealth
 12737 | Lair:2   | Found a staircase to the Swamp.
 12890 | Lair:3   | Reached ****** piety under Okawaru
 13110 | Lair:3   | Received a gift from Okawaru
 13199 | Lair:3   | Noticed an eight-headed hydra
 13292 | Lair:3   | Killed an eight-headed hydra
 13665 | Lair:3   | Found a hole to the Spider Nest.
 14561 | Lair:4   | Reached skill level 5 in Stealth
 14740 | Lair:4   | Found a viscous altar of Jiyva.
 14742 | Lair:4   | Found a staircase to the Slime Pits.
 14917 | Lair:4   | Noticed a five-headed hydra
 15113 | Lair:5   | Entered Level 5 of the Lair of Beasts
 15380 | Lair:5   | Reached XP level 13. HP: 71/85 MP: 14/14
 15927 | Lair:5   | Received a gift from Okawaru
 16313 | Lair:5   | Learned a level 5 spell: Silence
 16383 | Lair:5   | Reached skill level 1 in Air Magic
 16497 | Lair:5   | Reached skill level 1 in Spellcasting
 16918 | Lair:5   | Got the Cyclopedia of Incendiary Spellbinding
 17137 | Lair:5   | Reached skill level 5 in Air Magic
 17658 | Lair:5   | Identified the +10 glaive of the Moon {freeze, *Corrode
                  | +Blink rN+ Will++}
 18055 | D:11     | Noticed Erica
 18064 | D:11     | Killed Erica
 18064 | D:11     | Identified the +1 robe "Demih" {rF+} (Okawaru gifted it to
                  | you on level 11 of the Dungeon)
 18064 | D:11     | Received a gift from Okawaru
 18065 | D:11     | Noticed Erolcha
 18066 | Abyss:2  | Found a corrupted altar of Lugonu.
 18066 | Abyss:2  | Cast into level 2 of the Abyss (Erolcha)
 18161 | Abyss:2  | Noticed a bone dragon
 18396 | Abyss:2  | Noticed a cacodemon
 18448 | Abyss:2  | Found an iron altar of Okawaru.
 18522 | Abyss:2  | Noticed a tentacled starspawn
 18568 | Abyss:2  | Noticed a Hell Sentinel
 18570 | Abyss:2  | Noticed a tentacled starspawn
 18573 | Abyss:2  | Mangled by a tentacled starspawn

Illustrated notes

Levels and vault maps discovered:
D:1:      dpeg_arrival_circle_labyrinth_a, layout_basic
D:2:      kennysheep_the_goblin_king, layout_loops_cross, basic_altar,
          hellmonk_ecumenical_altar_run_dry, uniq_terence,
          uniq_crazy_yiuf_cottage
D:3:      layout_basic, marbit_many_paths, overflow_temple_1_default,
          kennysheep_generic_room_11
D:4:      layout_loops_cross, lemuel_crystal_altar, minmay_temple_entry_grid,
          serial_shops, nicolae_shop_crystal, serial_glass, glass_columns_a,
          glass_columns_b, minmay_shop_enchanted_jewellery
D:5:      layout_basic, mainiacjoe_overflow_paths, serial_shops,
          nicolae_shop_statue_plus, moated_statue
D:6:      layout_basic, kennysheep_slug_shrine, uniq_edmund, uniq_duvessa
D:7:      layout_basic, grunt_temple_overflow_opulence, serial_undead,
          serial_undead_d, serial_undead_c, serial_undead_c, serial_undead_e,
          serial_undead_d, serial_undead_a, serial_undead_f, serial_undead_b,
          minmay_manual_mandibuliform
D:8:      layout_basic, lemuel_doored_altar, nicolae_overflow_hidden_temple
D:9:      layout_gridville, nicolae_qazlal_scattered_showers, tso_oasis_becter,
          old_standard_altar
D:10:     layout_small_grid, chequers_temple_overflow_statue_of_worship,
          ashenzari_altar_1, lair_entry_dummy
D:11:     layout_irregular_city, hiddenorc1_lemuel, nooodl_orcs_dogs,
          uniq_erica, uniq_amaemon, uniq_erolcha
Lair:1:   layout_loops_ring, nicolae_volcano_entry_two_sided,
          portal_ice_cave_entry_pillars_1, serial_bayou_pond_d,
          kennysheep_snail_temple, grunt_megastairs_1, uniq_prince_ribbit2
Lair:2:   layout_roguey, minmay_swamp_entry_wisps
Lair:3:   layout_cave_pods, nicolae_spider_entry_tight_spaces, serial_rivers,
          chequers_serial_rivers_room_a, chequers_serial_rivers_micro_a,
          chequers_serial_rivers_micro_c, chequers_serial_rivers_room_b,
          chequers_serial_rivers_micro_c, infiniplex_staircase_pool_2,
          lemuel_fruit_fields
Lair:4:   layout_roguey, minmay_slime_entry_oklob_enclosed, grunt_megastairs_4
Lair:5:   grunt_lair_end_beastmaster, layout_long_grid
Abyss:2:  base: D:6, evilmike_abyss_exit_9, evilmike_abyss_exit_9

Skill      XL: |  1  2  3  4  5  6  7  8  9 10 11 12 13 |
---------------+----------------------------------------+-----
Long Blades    | 4 5 6 8 10 11 12 14 | 14.0
Dodging        | 4 5 8 10 11 13 | 13.9
Fighting       | 3 4 7 9 10 11 12 | 12.6
Armour         | 4 |  4.5
Stealth        | 5 |  5.0
Throwing       | 3 |  3.2
Air Magic      | 7 |  7.1
Spellcasting   | 4 |  4.8

Action                   |  1- 3 |  4- 6 |  7- 9 | 10-12 | 13-15 || total
-------------------------+-------+-------+-------+-------+-------++-------
Melee: Long sword        |    55 |   119 |   145 |       |       ||   319
       Kick              |    10 |    30 |    90 |   280 |   190 ||   600
       Peck              |     3 |    28 |    61 |   188 |   128 ||   408
       Punch             |       |     2 |     2 |    10 |    11 ||    25
       Scimitar          |       |       |   115 |   688 |   362 ||  1165
Throw: Dart              |     9 |     2 |     4 |    10 |       ||    25
       Throwing net      |     1 |       |     8 |     2 |       ||    11
       Javelin           |       |       |    10 |       |       ||    10
Invok: Heroism           |       |       |       |     2 |     1 ||     3
       Finesse           |       |       |       |     1 |       ||     1
Evoke: Wand              |       |       |     3 |    29 |    16 ||    48
  Use: Scroll            |       |    18 |       |    15 |     5 ||    38
       Potion            |       |       |       |     5 |     5 ||    10
 Stab: Sleeping          |       |     2 |       |       |       ||     2
       Held in net/web   |       |       |     2 |       |       ||     2
       Petrified         |       |       |       |       |    15 ||    15
Armor: Leather armour    |    12 |    24 |    44 |       |       ||    80
       Steam dragon scal |       |       |    18 |    31 |       ||    49
       Scale mail        |       |       |       |    51 |       ||    51
       Chain mail        |       |       |       |    45 |   143 ||   188
Dodge: Dodged            |    20 |    71 |   172 |   481 |   230 ||   974
Block: Other             |       |       |       |    42 |    75 ||   117

Table legend: (Time is in decaauts)
 A = Elapsed time spent in this place.
 B = Non-inter-level travel time spent in this place.
 C = Inter-level travel time spent in this place.
 D = Time resting spent in this place.
 E = Time spent auto-exploring this place.
 F = Levels seen in this place.
 G = Mean time per level.
                   A        B        C        D        E       F      G
               +--------+--------+--------+--------+--------+-----+--------+
         Total |  17355 |  16249 |   1106 |   1588 |  10872 |  18 |  964.2 |
       Dungeon |   9236 |   8447 |    789 |    600 |   6213 |  11 |  839.6 |
          Lair |   6562 |   6245 |    317 |    742 |   4168 |   5 | 1312.4 |
         Abyss |    453 |    453 |      0 |      4 |     98 |   1 |  453.0 |
      Ice Cave |   1103 |   1103 |      0 |    241 |    391 |   1 | 1103.0 |
               +--------+--------+--------+--------+--------+-----+--------+

Top non-repeatable levels by time:
  Lair:5: 2371 daAuts
  Lair:3: 1560 daAuts
     D:7: 1394 daAuts
     D:2: 1174 daAuts
   IceCv: 1103 daAuts
  Lair:1: 1079 daAuts
     D:8: 1008 daAuts
     D:6: 909 daAuts
  Lair:4: 867 daAuts
     D:3: 853 daAuts
     D:5: 838 daAuts
    D:10: 817 daAuts
     D:9: 740 daAuts
     D:1: 737 daAuts
     D:4: 729 daAuts
